 Dungeon Crawl Stone Soup version 0.30-a0-860-g512cf1e979 (webtiles) character file.

Game seed: 10479910267232133462

21398 DeathSun the Basher (level 12, -1/77 HPs)
             Began as a Gargoyle Fighter on Mar 8, 2023.
             Was a Priest of the Shining One.
             Slain by a meliai
             ... wielding a +0 war axe
              (4 damage)
             ... on level 14 of the Dungeon.
             The game lasted 00:39:30 (14663 turns).

DeathSun the Basher (Gargoyle Fighter)             Turns: 14663, Time: 00:39:30

Health: -1/77      AC: 32    Str: 23    XL:     12   Next: 89%
Magic:  4/14       EV:  9    Int: 11    God:    the Shining One [***...]
Gold:   69         SH: 11    Dex:  9    Spells: 9/13 levels left

rFire   . . .      SeeInvis .    P - +1 flail (venom)
rCold   . . .      Faith    .    Q - +2 buckler
rNeg    + + +      Spirit   .    K - +2 pearl dragon scales
rPois   ∞          Reflect  +    k - +0 helmet
rElec   +          Rampage  .    (no cloak)
rCorr   .                        g - +0 pair of gloves
Will    .....                    (no boots) Stlth
                                 f - amulet of reflection
HPRegen 0.32/turn                u - +4 ring of protection
MPRegen 0.14/turn                e - ring of positive energy

@: mighty, about to teleport, slowed, glowing, very slow
A: sickness immunity, AC +8, negative energy resistance 1, electricity
resistance, torment resistance 1, petrification resistance
a: Renounce Religion, Divine Shield, Cleansing Flame


You were on level 14 of the Dungeon.
You worshipped the Shining One.
The Shining One was most pleased with you.
You visited 2 branches of the dungeon, and saw 15 of its levels.

You collected 924 gold pieces.
You spent 855 gold pieces at shops.

Inventory:

Hand Weapons
 c - a +2 dire flail of protection
 P - a +1 flail of venom (weapon)
Missiles
 l - a throwing net
 o - 7 javelins (quivered)
Armour
 g - a +0 pair of gloves (worn)
 k - a +0 helmet (worn)
 K - +2 pearl dragon scales (worn)
 L - a +0 kite shield
 Q - a +2 buckler (worn)
Jewellery
 e - a ring of positive energy (right hand)
 f - an amulet of reflection (around neck)
 u - a +4 ring of protection (left hand)
 y - a ring of flight
 G - an amulet of the acrobat
Wands
 d - a wand of roots (10)
 p - a wand of mindburst (16)
 A - a wand of digging (6)
 R - a wand of flame (4)
Scrolls
 a - a scroll of fog {unknown}
 i - 4 scrolls of teleportation
 j - a scroll of immolation {unknown}
 m - 2 scrolls of poison
 t - 3 scrolls of noise
 z - 3 scrolls of vulnerability
 B - a scroll of fear {unknown}
 C - a scroll of acquirement {unknown}
 I - a scroll of magic mapping {unknown}
 J - 5 scrolls of enchant armour {unknown}
 M - a scroll of torment {unknown}
 N - 3 scrolls of identify
 O - 3 scrolls of blinking {unknown}
Potions
 h - a potion of haste {unknown}
 n - a potion of cancellation {unknown}
 q - a potion of resistance {unknown}
 r - a potion of flight
 s - 3 potions of mutation
 v - 2 potions of heal wounds
 w - 4 potions of brilliance
 x - 2 potions of magic {unknown}
 D - a potion of lignification {unknown}
 E - 3 potions of attraction {unknown}
 F - a potion of invisibility {unknown}
 H - 2 potions of berserk rage {unknown}
Miscellaneous
 b - a box of beasts


   Skills:
 - Level 10.0 Fighting
 - Level 14.0 Maces & Flails
 + Level 11.1 Armour
 - Level 3.2 Shields
 - Level 1.0 Spellcasting
 * Level 8.2 Translocations
 - Level 3.0 Invocations


You had 9 spell levels left.
You knew the following spells:

 Your Spells              Type           Power      Damage    Failure   Level
a - Manifold Assault      Tloc           18%        N/A       34%         4

Your spell library contained the following spells:

 Spells                   Type           Power      Damage    Failure   Level
 Blink                    Tloc           36%        N/A       5%          2
 Sandblast                Erth           0%         2d4       71%         1
 Ensorcelled Hibernation  Hex/Ice        0%         N/A       83%         2
 Passwall                 Tmut/Erth      0%         N/A       83%         2
 Spider Form              Tmut/Pois      0%         N/A       97%         3
 Stone Arrow              Conj/Erth      0%         3d7       97%         3
 Anguish                  Hex/Necr       0%         N/A       100%        4
 Storm Form               Tmut/Air       0%         N/A       100%        7
 Borgnjor's Revivificati  Necr           0%         N/A       100%        8
 Necromutation            Tmut/Necr      0%         N/A       100%        8
 Chain Lightning          Conj/Air       0%         N/A       100%        9
 Death's Door             Necr           0%         N/A       100%        9
 Fire Storm               Conj/Fire      0%         5d1       100%        9
 Shatter                  Erth           0%         3d5*      100%        9


Dungeon Overview and Level Annotations

Branches:
Dungeon (14/15)            Temple (1/1) D:6            Lair (0/5) D:11
    Orc (0/2) D:9          Vaults (0/5) D:13

Altars:
Ashenzari
Cheibriados
Dithmenos
Elyvilon
Fedhas
Gozag
Hepliaklqana
Kikubaaqudgha
Makhleb
Nemelex Xobeh
Okawaru
Qazlal
Ru
Sif Muna
Trog
Uskayaw
Vehumet
Wu Jian
Xom
Yredelemnul
Zin
The Shining One

Shops:
D:4 :   D:11 (   D:12 [(*[

Portals:
Trove: D:11 (give 2 scrolls of acquirement)

Annotations:
D:13 Jorgrun


Innate Abilities, Weirdness & Mutations

You are immune to sickness and miasma.
Your stone body is resilient. (AC +8)
You are immune to poison.
You resist negative energy. (rN+)
You are resistant to electric shocks. (rElec)
You are resistant to unholy torment.
You are immune to petrification.


Message History

You feel much better.
A cane toad comes into view.
You open the door.
Found a rapier.
A swamp dragon comes into view.
There is an open door here.
Some rock shatters into small pieces.
A slime creature comes into view.
Found a stone staircase leading down.
The slime creature quivers.
Jorgrun casts a spell next to the slime creature.
Some rock shatters into small pieces.
The wraith hits you! The wraith drains your vigour!
You feel yourself slow down. Jorgrun casts a spell at you.
Roots burst forth from the earth!
The grasping roots grab you! The grasping roots constrict you.
You escape the roots grasp.
There is a stone staircase leading down here.
The wraith hits you but does no damage. The slime creature closely misses you.
The wraith closely misses you.
Some rock shatters into small pieces.
Two slime creatures merge to form a large slime creature.
You climb downwards.
You can now channel blasts of cleansing flame.
The meliai buzzes angrily. x2
Found 13 gold pieces.
Found a stone staircase leading down.
There is a stone staircase leading up here.
As you read the scroll of teleportation, it crumbles to dust.
You feel strangely unstable.
The meliai calls down the wrath of its god upon you.
Something smites you!
The meliai mumbles some strange prayers to its god against you.
Something smites you!
* * * LOW HITPOINT WARNING * * *
The meliai invokes the aid of its god against you.
Something smites you!
* * * LOW HITPOINT WARNING * * *
The meliai hits you with a +0 war axe.
You die...

.. #.. ..##
########.#.#
#.........
#.......####
#.##y.y........
#....yJ@W.$#
####.......#
#.#####.# # #


You could see a large slime creature, a wraith and 3 meliai.

Vanquished Creatures
  3 boulder beetles (D:11)
  A centaur warrior (D:8)
  4 two-headed ogres
  Lodul (D:12)
  A wizard (D:10)
  4 ugly things
  A deep elf pyromancer (D:12)
  A cyclops (D:10)
  4 manticores
  Joseph (D:8)
  A kobold demonologist (D:10)
  Psyche (D:10)
  A komodo dragon (D:11)
  5 trolls
  3 slime creatures (D:6)
  A shadow (D:11)
  A centaur simulacrum (D:10)
  2 wraiths
  Eustachio (D:4)
  2 wyverns
  2 humans (D:9)
  11 yaks
  A basilisk (D:12)
  8 vampire mosquitoes
  2 steam dragons
  3 wargs
  A water moccasin (D:7)
  2 acid dragons
  7 orc warriors
  An ice beast (D:5)
  A boggart (D:10)
  10 ogres
  2 centaurs
  9 kobold brigands
  A bullfrog (D:5)
  2 gnoll sergeants
  14 killer bees
  A howler monkey (D:10)
  4 hounds
  4 orc priests
  5 jellies (D:6)
  A sleepcap (D:6)
  3 iguanas
  9 orc wizards
  4 gnolls
  8 adders
  A shadow imp (D:6)
  A white imp (D:6)
  2 ufetubi
  A worm (D:3)
  A dart slug (D:1)
  43 orcs
  7 endoplasms
  7 giant cockroaches
  6 hobgoblins
  A jackal (D:2)
  4 quokkas
  7 ball pythons
  6 bats
  4 frilled lizards
  13 goblins
  20 kobolds
  5 rats (D:1)
284 creatures vanquished.

Vanquished Creatures (others)
  An orc wizard (D:8)
  A kobold (D:6)
  10 fungi (D:6)
  A plant (D:11)
  6 toadstools (D:6)
19 creatures vanquished.

Grand Total: 303 creatures vanquished

Notes
Turn   | Place    | Note
-------+----------+-------------------------------------------
     0 | D:1      | DeathSun the Gargoyle Fighter began the quest for the Orb.
     0 | D:1      | Reached XP level 1. HP: 14/14 MP: 1/1
   227 | D:1      | Reached XP level 2. HP: 19/19 MP: 2/2
   598 | D:1      | Reached skill level 3 in Maces & Flails
   652 | D:1      | Reached XP level 3. HP: 24/24 MP: 3/3
  1290 | D:2      | Reached XP level 4. HP: 29/29 MP: 4/4
  1391 | D:2      | Reached skill level 4 in Maces & Flails
  1932 | D:3      | Reached XP level 5. HP: 23/33 MP: 5/5
  2335 | D:3      | Reached skill level 5 in Maces & Flails
  2513 | D:4      | Noticed Eustachio
  2730 | D:4      | Identified the +1 robe of Beogh's Fury {Stlth+}
  2850 | D:4      | Killed Eustachio
  2851 | D:4      | Reached skill level 6 in Maces & Flails
  2851 | D:4      | Reached XP level 6. HP: 24/38 MP: 6/6
  3217 | D:4      | Found Ficohaif's Book Shop.
  3432 | D:5      | Entered Level 5 of the Dungeon
  3554 | D:5      | Noticed an ice beast
  3585 | D:5      | Killed an ice beast
  3586 | D:5      | Reached skill level 7 in Maces & Flails
  3586 | D:5      | Reached XP level 7. HP: 18/43 MP: 7/7
  3821 | D:5      | Found a snail-covered altar of Cheibriados.
  3821 | D:5      | Found a sparkling altar of Nemelex Xobeh.
  4204 | D:5      | Reached skill level 8 in Maces & Flails
  4399 | D:6      | Reached XP level 8. HP: 48/48 MP: 8/8
  4552 | D:6      | Found a staircase to the Ecumenical Temple.
  4566 | Temple   | Entered the Ecumenical Temple
  4822 | Temple   | Became a worshipper of the Shining One
  5051 | D:6      | Reached skill level 9 in Maces & Flails
  5185 | D:6      | Noticed a slime creature
  5204 | D:6      | Killed a slime creature
  5205 | D:6      | Reached skill level 10 in Maces & Flails
  5470 | D:6      | Noticed a slime creature
  5470 | D:6      | Noticed a slime creature
  5641 | D:7      | Found a radiant altar of Vehumet.
  5643 | D:7      | Found a hide-covered altar of Uskayaw.
  5889 | D:7      | Reached XP level 9. HP: 43/52 MP: 9/9
  6315 | D:7      | Reached skill level 11 in Maces & Flails
  6476 | D:8      | Noticed a centaur warrior
  6705 | D:8      | Killed a centaur warrior
  6706 | D:8      | Reached skill level 5 in Fighting
  6870 | D:8      | Noticed Joseph
  6896 | D:7      | Reached skill level 12 in Maces & Flails
  6896 | D:7      | Reached skill level 5 in Armour
  7510 | D:9      | Found a burning altar of Makhleb.
  7771 | D:9      | Reached XP level 10. HP: 47/60 MP: 10/10
  7846 | D:9      | Found a staircase to the Orcish Mines.
  7846 | D:9      | Reached * piety under the Shining One
  8076 | D:4      | Bought an Inescapable Atlas for 352 gold pieces
  8081 | D:4      | Learned a level 4 spell: Manifold Assault
  8390 | D:6      | Reached skill level 1 in Invocations
  8668 | D:8      | Killed Joseph
  9043 | D:8      | Reached skill level 13 in Maces & Flails
  9414 | D:9      | Found an iron altar of Okawaru.
  9748 | D:10     | Entered Level 10 of the Dungeon
 10046 | D:10     | Identified the +9 war axe "Vuuciuja" {drain, Int+3}
 10052 | D:10     | Noticed a manticore
 10059 | D:10     | Reached XP level 11. HP: 38/67 MP: 9/13
 10061 | D:10     | Killed a manticore
 10143 | D:10     | Noticed a cyclops
 10152 | D:10     | Killed a cyclops
 10239 | D:10     | Reached skill level 14 in Maces & Flails
 10291 | D:10     | Noticed a two-headed ogre
 10301 | D:10     | Killed a two-headed ogre
 10610 | D:10     | Noticed Psyche
 10622 | D:10     | Killed Psyche
 10631 | D:10     | Noticed a two-headed ogre
 10642 | D:10     | Killed a two-headed ogre
 10761 | D:10     | Noticed a wizard
 10791 | D:10     | Killed a wizard
 10792 | D:10     | Reached skill level 1 in Translocations
 10830 | D:10     | Identified the +3 long sword "Zeomeip" {spect, Will+ Str+3
                  | Int+4}
 10950 | D:10     | Reached skill level 1 in Spellcasting
 11180 | D:10     | Noticed a red ugly thing
 11198 | D:10     | Killed a red ugly thing
 11306 | D:11     | Noticed a two-headed ogre
 11306 | D:11     | Found a staircase to the Lair.
 11411 | D:11     | Noticed a two-headed ogre
 11428 | D:11     | Killed a two-headed ogre
 11492 | D:11     | Killed a two-headed ogre
 11544 | D:11     | Reached ** piety under the Shining One
 11623 | D:11     | Noticed a boulder beetle
 11667 | D:11     | Killed a boulder beetle
 11668 | D:11     | Reached XP level 12. HP: 71/76 MP: 14/14
 12079 | D:11     | Noticed a boulder beetle
 12127 | D:11     | Killed a boulder beetle
 12128 | D:11     | Reached skill level 5 in Translocations
 12223 | D:11     | Found a portal to a secret trove of treasure.
 12434 | D:11     | Found Zathruo's Weapon Boutique.
 12533 | D:11     | Found a shimmering altar of Xom.
 12582 | D:11     | Bought a +1 flail of venom for 190 gold pieces
 12692 | D:11     | Found a shimmering altar of Xom.
 12692 | D:11     | Found a shimmering altar of Xom.
 12697 | D:11     | Found a shimmering altar of Xom.
 12702 | D:11     | Found a shimmering altar of Xom.
 12948 | D:12     | Reached skill level 10 in Fighting
 12948 | D:12     | Reached skill level 10 in Armour
 12987 | D:12     | Found Puxir's Antique Armour Emporium.
 13675 | D:12     | Found Heumuud's Weapon Emporium.
 13676 | D:12     | Noticed a boulder beetle
 13806 | D:11     | Killed a boulder beetle
 13903 | D:12     | Noticed Lodul
 13917 | D:12     | Killed Lodul
 14247 | D:12     | Found Ikhaiq's Assorted Antiques.
 14259 | D:12     | Bought a scroll of teleportation for 99 gold pieces
 14259 | D:12     | Bought a scroll of identify for 66 gold pieces
 14259 | D:12     | Bought a helmet for 148 gold pieces
 14286 | D:12     | Found Himeax's Armour Boutique.
 14631 | D:13     | Found a gate to the Vaults.
 14645 | D:13     | Noticed a shock serpent
 14648 | D:13     | Noticed Jorgrun
 14662 | D:14     | Reached *** piety under the Shining One
 14663 | D:14     | HP: 3/77 [meliai/divine providence (13)]
 14663 | D:14     | Slain by a meliai

Illustrated notes

Levels and vault maps discovered:
D:1:      minmay_arrival_up_and_down, layout_loops_cross, glass_columns_a,
          bh_walls_and_bars
D:2:      layout_loops_ring, grunt_decor_fettered, kennysheep_potato
D:3:      layout_basic
D:4:      layout_loops_ring, serial_shops, kennysheep_little_box, uniq_eustachio
D:5:      layout_loops_ring, gammafunk_temple_overflow_statue
D:6:      cheibrodos_fertilizer, layout_loops_ring,
          minmay_temple_entry_drinking_statues, sigmund_army
D:7:      layout_gridville, jmf_multi_god_temple, lightli_corner_chamber
D:8:      layout_cave_pools, uniq_joseph
D:9:      layout_irregular_city, lemuel_crystal_altar, okawaru_humans,
          kennysheep_orc_monster_closet_entryway, kennysheep_cross_bottleneck,
          dk_noncrumbling_3
D:10:     layout_rooms, minmay_the_grid_2x2 [minmay_the_grid_paths,
          minmay_the_grid_embedded, minmay_the_grid_minigrid_small,
          minmay_the_grid_prize_four_corners_diamond_b], uniq_psyche
D:11:     layout_basic, erik_lair_orcish_takeover,
          nicolae_trove_entry_crossroad, serial_shops, nicolae_shop_statue_plus,
          xom_shifter_show
D:12:     layout_rooms, serial_shops, nicolae_shop_advertising_works
          [nicolae_subvault_shop_adworks], nicolae_shop_hallway_stairs,
          nicolae_shop_statue_plus, nicolae_shop_window_shopping, uniq_lodul
D:13:     layout_irregular_city, david_vaults_2, uniq_jorgrun
D:14:     layout_loops_cross, gammafunk_ghost_stat_death,
          chequers_serial_rivers_micro_e
Temple:   eino_temple_rhombus

Skill      XL: |  1  2  3  4  5  6  7  8  9 10 11 12 |
---------------+-------------------------------------+-----
Maces & Flails | 3 4 6 7 8 10 12 13 14 | 14.0
Fighting       | 4 5 7 9 10 | 10.0
Armour         | 5 7 9 11 | 11.1
Invocations    | 3 |  3.0
Translocations | 4 8 |  8.2
Spellcasting   | 1 |  1.0
Shields        | |  3.2

Action                     |  1- 3 |  4- 6 |  7- 9 | 10-12 || total
---------------------------+-------+-------+-------+-------++-------
  Melee: Flail             |   134 |   234 |   369 |   791 ||  1528
  Throw: Javelin           |       |     8 |    18 |    24 ||    50
         Throwing net      |       |     1 |       |       ||     1
 Invoke: Divine Shield     |       |       |       |     7 ||     7
    Use: Potion            |       |     1 |     7 |     6 ||    14
         Scroll            |       |       |     2 |     6 ||     8
 Armour: Scale mail        |    63 |    93 |   189 |    12 ||   357
         Storm dragon scal |       |       |       |   158 ||   158
         Pearl dragon scal |       |       |       |   182 ||   182
  Dodge: Dodged            |    64 |    95 |   124 |   181 ||   464
  Block: Buckler           |    76 |   110 |   152 |   185 ||   523
         Reflection        |     1 |       |     9 |     8 ||    18
         Kite shield       |       |       |       |   174 ||   174

Table legend: (Time is in decaauts)
 A = Elapsed time spent in this place.
 B = Non-inter-level travel time spent in this place.
 C = Inter-level travel time spent in this place.
 D = Time resting spent in this place.
 E = Time spent auto-exploring this place.
 F = Levels seen in this place.
 G = Mean time per level.
                   A        B        C        D        E       F      G
               +--------+--------+--------+--------+--------+-----+--------+
         Total |  14627 |  13573 |   1054 |      0 |  10291 |  15 |  975.1 |
       Dungeon |  14365 |  13316 |   1049 |      0 |  10128 |  14 | 1026.1 |
        Temple |    262 |    257 |      5 |      0 |    163 |   1 |  262.0 |
               +--------+--------+--------+--------+--------+-----+--------+

Top non-repeatable levels by time:
    D:11: 1871 daAuts
    D:10: 1578 daAuts
     D:6: 1485 daAuts
     D:7: 1449 daAuts
     D:9: 1326 daAuts
    D:12: 1123 daAuts
     D:8: 1044 daAuts
     D:4: 951 daAuts
     D:3: 898 daAuts
     D:1: 855 daAuts
     D:2: 836 daAuts
     D:5: 828 daAuts
  Temple: 262 daAuts
    D:13: 115 daAuts
    D:14: 1 daAuts
